General information
- name: BNet
- type: Ladder team game (AT/RT)
- host: Battle.net
- saver: DODGE-200-BOLTS
map: FullScaleAssault
- players: 8
- length: 70:31
- speed: Fast
- version: 1.26 W3XP
- replay type: Public
» download(315 KB)
Players
team 1 (loser)
CloudStrife (
yellow | 44 APM | 2736 actions | 62:04)
6 Far Seer
3 Feral Spirit
2 Chain Lighting
1 Earth Quake
4 Shadow Hunter
2 Hex
2 Healing Wave
» actions
| Assign group hotkey | 13 | |
| Basic commands | 69 | |
| Build / train | 106 | |
| Enter build submenu | 93 | |
| Enter hero's abilities submenu | 10 | |
| Give item / drop item | 8 | |
| Remove unit from queue | 4 | |
| Right click | 1185 | |
| Select / deselect | 978 | |
| Select group hotkey | 41 | |
| Use ability | 229 | |
2736 total
» units
| Peon | 25 | |
| Grunt | 4 | |
| Spirit Walker | 2 | |
| Tauren | 3 | |
| Goblin Zeppelin | 2 | |
| Troll Batrider | 19 | |
55 total
» upgrades
| Armor | 3 | |
| Melee Weapons | 3 | |
| Berserker Strength | 1 | |
| Spirit Walker Training | 2 | |
| Reinforced Defenses | 1 | |
| Ranged Weapons | 3 | |
| Pulverize | 1 | |
| Liquid Fire | 1 | |
| Spiked Barricades | 3 | |
18 total
» buildings
| Altar of Storms | 1 | |
| Orc Burrow | 8 | |
| Barracks | 1 | |
| Voodoo Lounge | 1 | |
| War Mill | 1 | |
| Stronghold | 1 | |
| Watch Tower | 62 | |
| Great Hall | 5 | |
| Fortress | 1 | |
| Spirit Lodge | 3 | |
| Tauren Totem | 2 | |
| Beastiary | 3 | |
89 total
» build order
00:10 Altar of Storms
00:23 Orc Burrow
00:29 Barracks
01:50 Orc Burrow
02:02 Voodoo Lounge
03:11 War Mill
04:10 Stronghold
04:14 Orc Burrow
06:15 Watch Tower
06:17 Watch Tower
06:21 Great Hall
08:03 Fortress
08:06 Spirit Lodge
08:14 Watch Tower
10:09 Orc Burrow
10:35 Tauren Totem
10:37 Tauren Totem
11:51 Orc Burrow
12:59 Watch Tower
13:12 Watch Tower
13:16 Watch Tower
14:40 Watch Tower
14:44 Watch Tower
14:54 Watch Tower
14:58 Watch Tower
16:03 Watch Tower
16:07 Watch Tower
16:13 Watch Tower
16:15 Watch Tower
17:13 Watch Tower
17:17 Watch Tower
17:43 Watch Tower
18:08 Watch Tower
18:10 Watch Tower
20:07 Beastiary
20:12 Beastiary
20:20 Beastiary
20:27 Great Hall
20:33 Watch Tower
20:58 Watch Tower
21:13 Watch Tower
21:45 Orc Burrow
21:51 Orc Burrow
22:08 Watch Tower
22:38 Watch Tower
22:42 Watch Tower
22:57 Orc Burrow
23:35 Watch Tower
23:40 Watch Tower
24:14 Watch Tower
24:24 Watch Tower
24:46 Watch Tower
24:57 Watch Tower
25:00 Watch Tower
25:20 Watch Tower
25:26 Watch Tower
25:59 Watch Tower
26:38 Watch Tower
26:43 Watch Tower
26:47 Watch Tower
27:13 Watch Tower
27:16 Watch Tower
27:18 Watch Tower
28:43 Watch Tower
28:46 Watch Tower
31:58 Watch Tower
32:00 Watch Tower
32:02 Watch Tower
32:05 Watch Tower
33:56 Great Hall
33:58 Watch Tower
34:01 Watch Tower
34:03 Watch Tower
34:22 Watch Tower
34:24 Watch Tower
34:26 Watch Tower
34:32 Watch Tower
39:08 Great Hall
39:11 Watch Tower
39:13 Watch Tower
39:16 Watch Tower
39:21 Watch Tower
40:21 Great Hall
40:38 Watch Tower
40:44 Watch Tower
40:48 Watch Tower
43:26 Watch Tower
44:30 Spirit Lodge
44:33 Spirit Lodge
» items
| Healing Salve | 1 | |
| Lesser Clarity Potion | 1 | |
| Scroll of Protection | 2 | |
| Scroll of Healing | 2 | |
| Scroll of Town Portal | 2 | |
| Dust of Appearance | 1 | |
9 total
SexAndCandy (
red | 54 APM | 3807 actions | 70:29)
8 Blademaster
3 Wind Walk
2 Critical Strike
1 Bladestorm
2 Mirror Image
» actions
| Assign group hotkey | 117 | |
| Basic commands | 446 | |
| Build / train | 121 | |
| Enter build submenu | 79 | |
| Enter hero's abilities submenu | 9 | |
| Give item / drop item | 8 | |
| Right click | 1064 | |
| Select / deselect | 687 | |
| Select group hotkey | 1022 | |
| Use ability | 251 | |
3807 total
» units
| Peon | 13 | |
| Grunt | 3 | |
| Goblin Zeppelin | 6 | |
| Goblin Shredder | 1 | |
| Troll Batrider | 12 | |
| Blue Dragon | 6 | |
| Goblin Sapper | 21 | |
| Wind Rider | 8 | |
70 total
» upgrades
| Ranged Weapons | 3 | |
| Armor | 3 | |
| Troll Regeneration | 1 | |
| Reinforced Defenses | 1 | |
| Liquid Fire | 1 | |
| Envenomed Spears | 1 | |
10 total
» buildings
| Orc Burrow | 7 | |
| Altar of Storms | 1 | |
| Barracks | 1 | |
| Voodoo Lounge | 2 | |
| Stronghold | 1 | |
| Great Hall | 7 | |
| War Mill | 1 | |
| Beastiary | 4 | |
| Watch Tower | 57 | |
| Fortress | 1 | |
82 total
» build order
00:14 Orc Burrow
00:54 Altar of Storms
00:55 Barracks
01:10 Orc Burrow
01:38 Voodoo Lounge
02:50 Stronghold
04:28 Great Hall
04:32 War Mill
04:41 Orc Burrow
05:21 Orc Burrow
06:02 Beastiary
06:03 Beastiary
07:14 Watch Tower
07:15 Watch Tower
07:15 Watch Tower
07:17 Watch Tower
10:52 Fortress
10:55 Watch Tower
10:56 Watch Tower
10:58 Watch Tower
12:01 Beastiary
15:01 Watch Tower
15:03 Watch Tower
18:57 Beastiary
19:01 Watch Tower
19:01 Watch Tower
19:01 Watch Tower
19:02 Watch Tower
19:03 Watch Tower
19:03 Watch Tower
19:06 Watch Tower
19:07 Watch Tower
19:08 Watch Tower
19:09 Watch Tower
19:12 Watch Tower
19:15 Watch Tower
19:17 Watch Tower
19:18 Watch Tower
21:03 Orc Burrow
24:48 Orc Burrow
27:04 Orc Burrow
27:52 Great Hall
31:58 Great Hall
32:12 Watch Tower
32:13 Watch Tower
32:13 Watch Tower
32:13 Watch Tower
33:39 Watch Tower
33:39 Watch Tower
33:39 Watch Tower
33:40 Watch Tower
35:18 Great Hall
37:16 Watch Tower
37:17 Watch Tower
38:53 Watch Tower
38:57 Watch Tower
38:59 Watch Tower
39:04 Watch Tower
43:09 Great Hall
43:54 Watch Tower
43:54 Watch Tower
45:12 Voodoo Lounge
45:55 Watch Tower
45:56 Watch Tower
51:54 Watch Tower
51:55 Watch Tower
51:55 Watch Tower
51:56 Watch Tower
51:57 Watch Tower
51:57 Watch Tower
53:33 Great Hall
53:36 Watch Tower
53:37 Watch Tower
53:39 Watch Tower
53:39 Watch Tower
55:41 Great Hall
55:43 Watch Tower
55:44 Watch Tower
55:44 Watch Tower
55:44 Watch Tower
55:48 Watch Tower
55:50 Watch Tower
» items
| Healing Salve | 6 | |
| Scroll of Town Portal | 6 | |
| Lesser Clarity Potion | 5 | |
| Orb of Lightning | 1 | |
| Potion of Healing | 3 | |
| Potion of Mana | 1 | |
| Periapt of Vitality | 1 | |
| Mechanical Critter | 2 | |
| Scroll of Regeneration | 2 | |
| Staff of Teleportation | 1 | |
28 total
jjjamesdk (
orange | 24 APM | 1558 actions | 64:19)
10 Death Knight
3 Death Coil
3 Unholy Aura
1 Animate Dead
3 Death Pact
1 Lich
1 Frost Nova
» actions
| Assign group hotkey | 22 | |
| Basic commands | 70 | |
| Build / train | 98 | |
| Enter build submenu | 40 | |
| Enter hero's abilities submenu | 11 | |
| Give item / drop item | 2 | |
| Remove unit from queue | 1 | |
| Right click | 683 | |
| Select / deselect | 482 | |
| Select group hotkey | 76 | |
| Use ability | 73 | |
1558 total
» units
| Acolyte | 25 | |
| Ghoul | 10 | |
| Crypt Fiend | 8 | |
| Goblin Zeppelin | 2 | |
| Abomination | 2 | |
| Frost Wyrm | 5 | |
| Gargoyle | 6 | |
58 total
» upgrades
| Web | 1 | |
| Creature Attack | 3 | |
| Creature Carapace | 3 | |
| Freezing Breath | 1 | |
| Disease Cloud | 1 | |
| Ghoul Frenzy | 1 | |
| Cannibalize | 1 | |
| Unholy Strength | 3 | |
| Unholy Armor | 3 | |
17 total
» buildings
| Crypt | 2 | |
| Graveyard | 2 | |
| Ziggurat | 10 | |
| Altar of Darkness | 1 | |
| Halls of the Dead | 1 | |
| Tomb of Relics | 1 | |
| Black Citadel | 1 | |
| Sacrificial Pit | 1 | |
| Slaughterhouse | 1 | |
| Boneyard | 2 | |
| Necropolis | 1 | |
| Spirit Tower | 1 | |
| Temple of the Damned | 2 | |
26 total
» build order
00:10 Crypt
00:17 Graveyard
00:42 Ziggurat
01:00 Altar of Darkness
01:52 Ziggurat
06:21 Ziggurat
06:24 Ziggurat
06:45 Halls of the Dead
06:48 Tomb of Relics
06:53 Ziggurat
07:19 Ziggurat
08:03 Ziggurat
09:55 Black Citadel
11:03 Sacrificial Pit
11:09 Slaughterhouse
12:19 Boneyard
12:35 Necropolis
12:57 Boneyard
13:11 Graveyard
15:26 Ziggurat
15:29 Ziggurat
15:30 Ziggurat
17:04 Spirit Tower
27:13 Temple of the Damned
27:16 Temple of the Damned
33:41 Crypt
» items
| Boots of Speed | 1 | |
| Periapt of Vitality | 3 | |
| Healing Salve | 1 | |
| Orb of Corruption | 1 | |
6 total

»
blowme (
pink | 27 APM | 1827 actions | 66:36)
7 Archmage
3 Summon Water Elemental
3 Blizzard
1 Mass Teleport
» actions
| Assign group hotkey | 29 | |
| Basic commands | 44 | |
| Build / train | 79 | |
| Enter build submenu | 19 | |
| Enter hero's abilities submenu | 7 | |
| Give item / drop item | 2 | |
| Right click | 484 | |
| Select / deselect | 249 | |
| Select group hotkey | 782 | |
| Use ability | 129 | |
1827 total
» units
| Peasant | 19 | |
| Footman | 9 | |
| Goblin Shredder | 1 | |
| Dragonhawk Rider | 11 | |
| Gryphon Rider | 6 | |
46 total
» upgrades
| Swords | 3 | |
| Armor | 3 | |
| Lumber Harvesting | 2 | |
| Cloud | 1 | |
| Storm Hammers | 1 | |
| Animal War Training | 1 | |
| Magic Sentry | 1 | |
12 total
» buildings
| Farm | 13 | |
| Altar of Kings | 1 | |
| Barracks | 1 | |
| Town Hall | 3 | |
| Keep | 1 | |
| Lumber Mill | 1 | |
| Blacksmith | 1 | |
| Arcane Vault | 1 | |
| Castle | 1 | |
| Gryphon Aviary | 4 | |
| Arcane Sanctum | 1 | |
| Scout Tower | 4 | |
| Guard Tower | 2 | |
34 total
» build order
00:24 Farm
00:38 Altar of Kings
00:49 Farm
00:54 Barracks
01:39 Farm
02:14 Farm
02:16 Farm
02:17 Farm
02:19 Farm
02:20 Farm
04:22 Town Hall
07:05 Keep
07:07 Lumber Mill
07:10 Blacksmith
08:44 Arcane Vault
09:30 Castle
10:33 Gryphon Aviary
10:35 Gryphon Aviary
10:36 Gryphon Aviary
10:38 Gryphon Aviary
11:04 Farm
11:05 Farm
11:07 Farm
11:08 Farm
11:10 Farm
12:59 Arcane Sanctum
13:37 Scout Tower
13:38 Scout Tower
13:39 Scout Tower
13:40 Scout Tower
14:08 Guard Tower
14:37 Guard Tower
23:13 Town Hall
27:02 Town Hall
» items
| Boots of Speed | 1 | |
| Staff of Teleportation | 1 | |
| Potion of Healing | 3 | |
| Scroll of Regeneration | 1 | |
| Potion of Mana | 2 | |
8 total
team 2 (winner)

»
tomha (
green | 37 APM | 624 actions | 17:05)
4 Blademaster
2 Critical Strike
1 Wind Walk
1 Mirror Image
2 Shadow Hunter
1 Healing Wave
1 Hex
2 Tauren Chieftain
1 War Stomp
1 Shockwave
» actions
| Assign group hotkey | 11 | |
| Build / train | 58 | |
| Enter build submenu | 33 | |
| Enter hero's abilities submenu | 8 | |
| Give item / drop item | 4 | |
| Right click | 241 | |
| Select / deselect | 202 | |
| Select group hotkey | 16 | |
| Use ability | 51 | |
624 total
» units
| Peon | 10 | |
| Grunt | 3 | |
| Troll Headhunter/Berserker | 1 | |
| Goblin Shredder | 1 | |
| Troll Witch Doctor | 2 | |
| Shaman | 2 | |
| Troll Batrider | 6 | |
| Tauren | 1 | |
26 total
» upgrades
| Spiked Barricades | 1 | |
| Witch Doctor Training | 2 | |
| Berserker Strength | 1 | |
| Shaman Training | 2 | |
| Ensnare | 1 | |
| Liquid Fire | 1 | |
| Envenomed Spears | 1 | |
| Pulverize | 1 | |
10 total
» buildings
| Orc Burrow | 6 | |
| Altar of Storms | 1 | |
| Barracks | 1 | |
| Voodoo Lounge | 2 | |
| Stronghold | 1 | |
| War Mill | 1 | |
| Fortress | 1 | |
| Spirit Lodge | 2 | |
| Great Hall | 1 | |
| Watch Tower | 11 | |
| Beastiary | 3 | |
| Tauren Totem | 2 | |
32 total
» build order
00:21 Orc Burrow
00:52 Altar of Storms
01:17 Orc Burrow
01:21 Barracks
01:58 Voodoo Lounge
02:43 Stronghold
03:21 War Mill
04:14 Orc Burrow
05:54 Fortress
06:30 Spirit Lodge
07:05 Great Hall
07:08 Watch Tower
07:10 Watch Tower
07:20 Watch Tower
07:32 Voodoo Lounge
07:46 Watch Tower
08:08 Spirit Lodge
08:27 Watch Tower
08:33 Beastiary
09:41 Watch Tower
09:44 Beastiary
09:59 Tauren Totem
10:52 Watch Tower
11:08 Beastiary
11:25 Tauren Totem
12:28 Watch Tower
12:33 Orc Burrow
13:24 Orc Burrow
13:30 Orc Burrow
13:48 Watch Tower
14:21 Watch Tower
14:28 Watch Tower
» items
| Healing Salve | 3 | |
| Orb of Lightning | 2 | |
| Potion of Healing | 1 | |
| Lesser Clarity Potion | 1 | |
| Boots of Speed | 1 | |
| Staff of Teleportation | 1 | |
9 total

»
Kaotic_Krogan (
blue | 31 APM | 491 actions | 15:54)
3 Death Knight
2 Death Coil
1 Unholy Aura
» actions
| Assign group hotkey | 10 | |
| Basic commands | 4 | |
| Build / train | 36 | |
| Enter build submenu | 21 | |
| Enter hero's abilities submenu | 3 | |
| Right click | 166 | |
| Select / deselect | 174 | |
| Select group hotkey | 44 | |
| Use ability | 33 | |
491 total
» units
| Acolyte | 8 | |
| Ghoul | 4 | |
| Crypt Fiend | 8 | |
| Frost Wyrm | 6 | |
| Goblin Zeppelin | 1 | |
27 total
» upgrades
| Creature Attack | 1 | |
| Web | 1 | |
| Freezing Breath | 1 | |
3 total
» buildings
| Crypt | 2 | |
| Ziggurat | 7 | |
| Altar of Darkness | 1 | |
| Graveyard | 1 | |
| Halls of the Dead | 1 | |
| Black Citadel | 1 | |
| Sacrificial Pit | 1 | |
| Boneyard | 3 | |
17 total
» build order
00:09 Crypt
00:12 Crypt
00:16 Ziggurat
00:38 Altar of Darkness
01:09 Ziggurat
01:39 Graveyard
02:19 Ziggurat
02:53 Halls of the Dead
04:02 Ziggurat
05:23 Black Citadel
05:54 Sacrificial Pit
07:45 Boneyard
07:47 Boneyard
07:50 Boneyard
07:54 Ziggurat
12:01 Ziggurat
14:17 Ziggurat
DODGE-200-BOLTS (
purple | 69 APM | 4880 actions | 70:31)
5 Mountain King
3 Storm Bolt
2 Bash
1 Far Seer
1 Chain Lighting
2 Shadow Hunter
1 Hex
1 Healing Wave
5 Blademaster
3 Wind Walk
2 Critical Strike
1 Tauren Chieftain
1 Endurance Aura
» actions
| Assign group hotkey | 107 | |
| Basic commands | 9 | |
| Build / train | 231 | |
| Enter build submenu | 45 | |
| Enter hero's abilities submenu | 14 | |
| Give item / drop item | 1 | |
| Right click | 2086 | |
| Select / deselect | 775 | |
| Select group hotkey | 1239 | |
| Use ability | 373 | |
4880 total
» units
| Peasant | 25 | |
| Footman | 4 | |
| Goblin Shredder | 9 | |
| Gryphon Rider | 11 | |
| Goblin Zeppelin | 7 | |
| Frost Wyrm | 7 | |
| Troll Batrider | 40 | |
| Acolyte | 3 | |
| Mortar Team | 3 | |
| Flying Machine | 37 | |
146 total
» upgrades
| Masonry | 3 | |
| Lumber Harvesting | 2 | |
| Storm Hammers | 1 | |
| Animal War Training | 1 | |
| Reinforced Defenses | 2 | |
| Flare | 1 | |
| Flying Machine Bombs | 1 | |
| Flak Cannons | 1 | |
12 total
» buildings
| Altar of Kings | 2 | |
| Barracks | 1 | |
| Farm | 24 | |
| Scout Tower | 49 | |
| Arcane Tower | 2 | |
| Lumber Mill | 2 | |
| Arcane Vault | 1 | |
| Town Hall | 4 | |
| Keep | 3 | |
| Guard Tower | 27 | |
| Castle | 2 | |
| Gryphon Aviary | 3 | |
| Blacksmith | 2 | |
| Spirit Tower | 1 | |
| Workshop | 3 | |
126 total
» build order
00:08 Altar of Kings
00:22 Barracks
00:35 Farm
00:51 Farm
01:33 Scout Tower
01:40 Farm
02:01 Arcane Tower
02:24 Lumber Mill
02:38 Arcane Vault
03:12 Farm
05:21 Town Hall
05:24 Scout Tower
05:24 Scout Tower
05:25 Scout Tower
05:25 Scout Tower
05:35 Keep
05:35 Keep
05:42 Scout Tower
05:59 Guard Tower
06:09 Guard Tower
06:09 Guard Tower
06:19 Scout Tower
06:19 Scout Tower
06:20 Scout Tower
07:06 Guard Tower
07:23 Scout Tower
07:24 Scout Tower
07:24 Scout Tower
07:27 Scout Tower
07:27 Scout Tower
07:28 Scout Tower
08:06 Guard Tower
08:06 Guard Tower
08:47 Castle
09:04 Guard Tower
09:07 Gryphon Aviary
09:14 Farm
09:33 Gryphon Aviary
10:06 Guard Tower
10:13 Guard Tower
11:58 Blacksmith
12:30 Gryphon Aviary
13:54 Scout Tower
13:54 Scout Tower
13:54 Scout Tower
14:59 Guard Tower
16:13 Town Hall
16:16 Scout Tower
16:17 Scout Tower
16:18 Scout Tower
16:18 Scout Tower
16:18 Scout Tower
16:19 Scout Tower
16:19 Scout Tower
16:20 Scout Tower
16:20 Scout Tower
16:54 Farm
16:54 Farm
16:54 Farm
16:55 Farm
16:55 Farm
16:57 Farm
16:57 Farm
17:02 Guard Tower
17:22 Spirit Tower
17:24 Guard Tower
18:05 Guard Tower
18:40 Guard Tower
18:40 Guard Tower
18:44 Keep
22:50 Lumber Mill
22:52 Scout Tower
22:52 Scout Tower
22:52 Scout Tower
22:53 Scout Tower
22:53 Scout Tower
22:54 Scout Tower
22:54 Scout Tower
23:31 Guard Tower
23:31 Guard Tower
23:32 Guard Tower
23:38 Scout Tower
23:39 Scout Tower
23:59 Guard Tower
24:00 Guard Tower
24:02 Scout Tower
24:04 Scout Tower
24:05 Scout Tower
24:05 Scout Tower
30:56 Guard Tower
30:56 Guard Tower
34:00 Scout Tower
34:00 Scout Tower
34:01 Scout Tower
34:01 Scout Tower
34:01 Scout Tower
34:02 Scout Tower
34:02 Scout Tower
35:00 Guard Tower
35:00 Guard Tower
43:52 Blacksmith
43:58 Farm
43:59 Farm
43:59 Farm
44:00 Farm
46:01 Workshop
47:17 Altar of Kings
48:55 Castle
49:36 Farm
49:37 Farm
49:38 Farm
49:39 Farm
49:40 Farm
49:41 Farm
54:16 Workshop
55:09 Workshop
55:56 Farm
56:09 Town Hall
58:16 Farm
58:33 Town Hall
» items
| Staff of Teleportation | 1 | |
| Scroll of Regeneration | 2 | |
| Lesser Clarity Potion | 1 | |
| Ivory Tower | 2 | |
| Staff of Sanctuary | 1 | |
| Scroll of Town Portal | 3 | |
| Orb of Lightning | 1 | |
| Potion of Lesser Invulnerability | 3 | |
| Tome of Retraining | 1 | |
15 total
tumbledore (
teal | 55 APM | 875 actions | 15:52)
3 Far Seer
1 Feral Spirit
1 Far Sight
1 Chain Lighting
» actions
| Assign group hotkey | 156 | |
| Basic commands | 74 | |
| Build / train | 39 | |
| Enter build submenu | 27 | |
| Enter hero's abilities submenu | 4 | |
| Remove unit from queue | 3 | |
| Right click | 233 | |
| Select / deselect | 147 | |
| Select group hotkey | 154 | |
| Use ability | 38 | |
875 total
» units
| Peon | 6 | |
| Grunt | 5 | |
| Goblin Shredder | 5 | |
| Raider | 5 | |
21 total
» upgrades
| Armor | 2 | |
| Melee Weapons | 2 | |
| Ensnare | 1 | |
| Pillage | 1 | |
6 total
» buildings
| Orc Burrow | 8 | |
| Altar of Storms | 1 | |
| Barracks | 1 | |
| Voodoo Lounge | 1 | |
| War Mill | 1 | |
| Stronghold | 1 | |
| Fortress | 1 | |
| Beastiary | 3 | |
| Watch Tower | 5 | |
22 total
» build order
00:14 Orc Burrow
00:28 Altar of Storms
01:10 Barracks
01:21 Orc Burrow
02:20 Orc Burrow
03:03 Voodoo Lounge
03:17 Orc Burrow
04:24 War Mill
04:54 Stronghold
05:33 Orc Burrow
07:47 Fortress
09:17 Beastiary
09:21 Beastiary
10:31 Beastiary
11:56 Orc Burrow
13:02 Orc Burrow
13:15 Orc Burrow
14:00 Watch Tower
14:24 Watch Tower
15:01 Watch Tower
15:02 Watch Tower
15:04 Watch Tower
Chat log
(00:09 / Allies) tumbledore: raider or batties
(00:12 / Allies) DODGE-200-BOLTS: aa
(00:31 / Allies) Kaotic_Krogan: i guess im frosties
(00:44 / Allies) tumbledore: i go raider i think
(00:46 / Allies) DODGE-200-BOLTS: wrex > grunt
(00:47 / Allies) Kaotic_Krogan: they seriously need a warcraft 4
(00:54 / All) tumbledore: amen 2 that
(00:55 / Allies) Kaotic_Krogan: i agree
(00:58 / Allies) Kaotic_Krogan: though grunt is cool
(02:08 / Allies) DODGE-200-BOLTS: anyone want to feed me some to quick griffs?
(02:25 / Allies) Kaotic_Krogan: i was gonna get frosites.
(02:36 / Allies) Kaotic_Krogan: be hard to feed and get fast frosts
(02:48 / Allies) tumbledore: frostie more important than griffs?
(02:58 / Allies) Kaotic_Krogan: depends...
(03:00 / Allies) DODGE-200-BOLTS: on player
(03:03 / Allies) Kaotic_Krogan: what enemy is
(03:08 / Allies) Kaotic_Krogan: and player
(03:11 / Allies) tumbledore: kk
(04:45 / Allies) Kaotic_Krogan: omw teal
(04:59 / Allies) Kaotic_Krogan: then expo
(05:02 / Allies) tumbledore: green what units?
(05:16 / Allies) tumbledore: ty green fofr taking that
(05:38 / Allies) tumbledore: ?
(05:44 / Allies) tumbledore: hat units green
(05:44 / Allies) Kaotic_Krogan: teal
(06:31 / Allies) DODGE-200-BOLTS: wood plz
(06:34 / Allies) Kaotic_Krogan: lol tank hero
(06:51 / Allies) Kaotic_Krogan: ty
(06:51 / Allies) DODGE-200-BOLTS: sorry green meant to only get one
(07:28 / Allies) Kaotic_Krogan: take item teal
(07:34 / Allies) tumbledore: whivh
(07:52 / Allies) tumbledore: red
(07:56 / Allies) tumbledore: red
(08:13 / Allies) tumbledore: u got it
(08:14 / Allies) tumbledore: ?
(08:26 / Allies) tumbledore: coming...
(08:47 / Allies) Kaotic_Krogan: wow
(08:55 / Allies) DODGE-200-BOLTS: wood me
(09:16 / Allies) Kaotic_Krogan: frosties on way
(09:26 / Allies) Kaotic_Krogan: i have nothing at the moment absolutely nothing
(09:52 / Allies) Kaotic_Krogan: ready hit soon?
(09:57 / Allies) DODGE-200-BOLTS: guys
(09:58 / Allies) DODGE-200-BOLTS: we have enough aa
(09:59 / Allies) tumbledore: 2 orcs
(09:59 / Allies) DODGE-200-BOLTS: get melee
(10:51 / Allies) Kaotic_Krogan: omg
(10:54 / Allies) Kaotic_Krogan: we need kill red
(10:57 / Allies) tumbledore: get frost tower
(10:58 / Allies) DODGE-200-BOLTS: no we dont
(11:10 / Allies) Kaotic_Krogan: i cant even build anything
(11:14 / Allies) DODGE-200-BOLTS: wood
(11:17 / Allies) DODGE-200-BOLTS: im pumping griffs now
(11:22 / Allies) DODGE-200-BOLTS: GUYS
(11:24 / Allies) DODGE-200-BOLTS: we have enough aa
(11:27 / Allies) DODGE-200-BOLTS: jesus
(11:29 / Allies) Kaotic_Krogan: im get expo here instead
(13:06 / Allies) tumbledore: any1 need lumbr
(13:10 / Allies) DODGE-200-BOLTS: me pu
(13:13 / Allies) DODGE-200-BOLTS: pumping griffs now
(13:21 / Allies) Kaotic_Krogan: i need gols
(13:37 / Allies) tumbledore: i hi expo
(13:43 / Allies) Kaotic_Krogan: OH MY FUCK
(13:56 / Allies) Kaotic_Krogan: we hit when we ready or i leave
(14:01 / Allies) Kaotic_Krogan: this red guys is annoying as shit
(14:18 / Allies) DODGE-200-BOLTS: when we hit lets hit bottom cuz we have towers there
(14:27 / Allies) DODGE-200-BOLTS: island needs to die
(14:32 / Allies) tumbledore: hit
(14:33 / Allies) tumbledore: no
(14:38 / Allies) tumbledore: i hit now
(14:43 / Allies) Kaotic_Krogan: I HAVE NOTHING
(14:52 / Allies) Kaotic_Krogan: red alone is killing us
(15:48 / All) tumbledore: gg
(15:57 / All) DODGE-200-BOLTS: wow
(16:02 / All) SexAndCandy: brilliant LOL
(16:06 / All) SexAndCandy: didn't he scut?
(16:31 / Allies) DODGE-200-BOLTS: upgrade ur towers green
(32:34 / All) blowme: orange dickheads tking kill him before he kills you
(32:45 / All) SexAndCandy: only a mouthy punk
(33:19 / All) DODGE-200-BOLTS: this retard green didnt go lvl 2 windwalk at lvl 5
(33:45 / All) CloudStrife: |ol
(37:14 / All) DODGE-200-BOLTS: gj retard
(37:23 / All) jjjamesdk: lol idc
(37:35 / All) jjjamesdk: cant do much with red tking anyways
(38:20 / All) jjjamesdk: and yellow sitting with 4k gold
(40:29 / All) jjjamesdk: lol so he tps
(40:32 / All) DODGE-200-BOLTS: gj pink, mass tp and u couldnt pull it off
(43:46 / All) jjjamesdk: mehh I could always intercept his packets and drop him lol
(45:18 / All) jjjamesdk: might get laggy
(45:27 / All) DODGE-200-BOLTS: DONT BE a homo u lost fair and square
(46:00 / All) jjjamesdk: one nice thing about packet intercepting, I can gain access to his comp :p
(46:11 / All) DODGE-200-BOLTS: y did red tk u?
(46:19 / All) blowme: umm hes a nigger
(46:46 / All) blowme: thought we were goning to win but didnt realize that orc sux against towers
(49:41 / All) jjjamesdk: uh oh red, the packet monster is comin
(49:59 / All) SexAndCandy: what's my ip oj
(51:39 / All) jjjamesdk: any minute now, working on the stream buffer
(51:45 / All) SexAndCandy: what's my IP?
(52:52 / All) jjjamesdk: red as long as your on the map, your vulnerable, fyi :)
(53:10 / All) DODGE-200-BOLTS: y did red tk u guys? u guys were pretty good unsure y he would do that
(53:24 / All) SexAndCandy: yet you can't tell me my IP
(53:31 / All) blowme: we told you hes a nigger
(53:44 / All) jjjamesdk: why would I do that?, that would spoil the surprise :D
(53:45 / All) blowme: probably sitting beside you while you suck his dick
(56:37 / All) jjjamesdk: gonna get laggy
(56:50 / All) SexAndCandy: you watch too much anime, kid
(57:29 / All) jjjamesdk: itl be nice once im in his comp
(57:55 / All) SexAndCandy: stop sharing your nerd fantasies
(58:29 / All) jjjamesdk: lol really?
(58:55 / All) SexAndCandy: mirin my dragons?
(63:01 / All) SexAndCandy: I'm waiting for you big boy, when you gonna hack into my cyber bits?
(63:05 / All) jjjamesdk: well that was easy. red, be in for a surprise later. I have it on timer... tick tock. tick tock lol
(63:13 / All) SexAndCandy: can't wait
(63:43 / All) SexAndCandy: What kind of a surprise is it
(63:45 / All) jjjamesdk: yeah google the m-c2gr fix if you can't figure it out on your own :)
(63:50 / All) DODGE-200-BOLTS: red ur such a loser still not sure y u did this though, oj and pink were pretty damn good
(64:03 / All) jjjamesdk: later all!
(64:06 / All) DODGE-200-BOLTS: i couldn tkill ojs hero he was pretty decent, pink had a lot of air
(64:18 / All) DODGE-200-BOLTS: i didndt even see wut red got
(64:20 / All) SexAndCandy: Send me a note maybe we can skype and jerk our dicks off together
(66:43 / All) DODGE-200-BOLTS: good work
(66:49 / All) SexAndCandy: my team should lose
(66:52 / All) DODGE-200-BOLTS: urs is ay
(66:55 / All) SexAndCandy: one more dragon
(67:03 / All) DODGE-200-BOLTS: one good thing about this map
(67:07 / All) DODGE-200-BOLTS: and u cant deny this
(67:15 / All) SexAndCandy: LORD OF DRAGONS!
(67:18 / All) DODGE-200-BOLTS: if we're in a lopsided game like this it really helps the other play if u tower an island
(67:25 / All) SexAndCandy: Yeah
(67:39 / All) DODGE-200-BOLTS: let me see
(67:43 / All) DODGE-200-BOLTS: if my copters cna kill u
(67:44 / All) DODGE-200-BOLTS: k?
(67:59 / All) SexAndCandy: 100/100 food copters could
(68:09 / All) SexAndCandy: actually probably not
(68:22 / All) SexAndCandy: come and rtry
(68:27 / All) SexAndCandy: I don't think they will win
(68:33 / All) SexAndCandy: I won't even use my bm
(68:33 / All) DODGE-200-BOLTS: where u at
(68:38 / All) SexAndCandy: same spiot
(68:39 / All) DODGE-200-BOLTS: go middle
(69:07 / All) SexAndCandy: just a move
(69:35 / All) SexAndCandy: oh wow
(69:39 / All) SexAndCandy: they did better than I'd thought
(69:45 / All) DODGE-200-BOLTS: shocking
(69:47 / All) DODGE-200-BOLTS: i know
(69:50 / All) DODGE-200-BOLTS: u mean copters?
(69:53 / All) SexAndCandy: Yeah
(69:58 / All) SexAndCandy: I thought dragons would win
(70:04 / All) DODGE-200-BOLTS: that wasnt even 100 food
(70:12 / All) DODGE-200-BOLTS: and not upgraded at all
(70:17 / All) SexAndCandy: copters own air
(70:22 / All) DODGE-200-BOLTS: u lose i say i want to see ur chat,
(70:23 / All) SexAndCandy: except bats